 Dungeon Crawl Stone Soup version 0.30.0-10-gfe55d96785 (webtiles) character file.

Game seed: 1789328414589570147

5170 qw the Cleaver (level 10, -2/63 HPs)
             Began as a Gargoyle Cinder Acolyte on May 16, 2023.
             Was an Initiate of Ignis.
             Slain by a gnoll sergeant
             ... wielding a +0 trident
              (11 damage)
             ... on level 9 of the Dungeon.
             The game lasted 00:07:27 (8252 turns).

qw the Cleaver (Gargoyle Cinder Acolyte)            Turns: 8252, Time: 00:07:28

Health: -2/63      AC: 25    Str: 23    XL:     10   Next: 59%
Magic:  11/11      EV:  7    Int: 14    God:    Ignis [......]
Gold:   428        SH:  9    Dex:  5    Spells: 11/11 levels left

rFire   + + .        r - -1 hand axe (vamp)
rCold   . . .        e - +0 kite shield
rNeg    + . .        j - +0 chain mail
rPois   inf          p - +2 helmet
rElec   +            n - +2 cloak
rCorr   .            (no gloves)
SInv    .            c - +1 pair of boots
Will    .....        h - amulet of regeneration Stlth
                     f - ring of protection from fire
HPRegen 1.10/turn    (no ring)
MPRegen 0.12/turn

%: no passive effects
@: no status effects
A: sickness immunity, AC +7, negative energy resistance 1, electricity
resistance, torment resistance 1, petrification resistance
a: Renounce Religion, Rising Flame


You were on level 9 of the Dungeon.
You worshipped Ignis.
Ignis was noncommittal.
You visited 1 branch of the dungeon, and saw 9 of its levels.

You collected 428 gold pieces.


Innate Abilities, Weirdness & Mutations

You are immune to sickness and miasma.
Your stone body is resilient. (AC +7)
You are immune to poison.
You resist negative energy. (rN+)
You are resistant to electric shocks. (rElec)
You are resistant to unholy torment.
You are immune to petrification.


   Skills:
 - Level 7.5 Fighting
 + Level 9.5 Axes
 - Level 2.0 Throwing
 - Level 5.4 Armour
 - Level 9.0 Shields
 - Level 1.0 Spellcasting
 - Level 3.0 Fire Magic


You had 11 spell levels left.
You didn't know any spells.
Your spell library contained the following spells:

 Spells                   Type           Power      Damage    Failure   Level
 Scorch                   Fire           18%        2d5       75%         2

Inventory:

Hand Weapons
 i - a +0 flail
 r - a -1 vampiric hand axe (weapon)
Missiles
 s - 2 boomerangs (quivered)
Armour
 c - a +1 pair of boots (worn)
 e - a +0 kite shield (worn)
 j - a +0 chain mail (worn)
 n - a +2 cloak (worn)
 p - a +2 helmet (worn)
Jewellery
 f - a ring of protection from fire (left hand)
 h - an amulet of regeneration (around neck)
Wands
 o - a wand of digging (5)
Scrolls
 m - a scroll of identify
 t - a scroll of brand weapon
Potions
 g - 3 potions of curing
 k - a potion of mutation
 l - a potion of berserk rage {unknown}
 u - a potion of invisibility {unknown}
 v - a potion of brilliance {unknown}

Dungeon Overview and Level Annotations

Branches:
Dungeon (9/15)             Temple (0/1) D:5
   Lair: D:8-11         Orc: D:9-12

Altars:
Dithmenos
Makhleb
Xom
Yredelemnul
The Shining One


Message History

The gnoll sergeant hits you from afar with a +0 trident.
You swing at nothing.
The gnoll sergeant hits you from afar with a +0 trident.
You swing at nothing.
The gnoll sergeant barely misses you.
You swing at nothing.
The gnoll sergeant hits you but does no damage.
You swing at nothing.
The gnoll sergeant hits you but does no damage.
You swing at nothing.
You swing at nothing.
The gnoll sergeant hits you from afar with a +0 trident!
You swing at nothing.
The gnoll sergeant hits you but does no damage.
You swing at nothing.
The gnoll sergeant barely misses you.
You swing at nothing.
The gnoll sergeant hits you from afar with a +0 trident!
You swing at nothing.
You block the gnoll sergeant's attack.
You swing at nothing.
The gnoll sergeant barely misses you.
You swing at nothing.
You block the gnoll sergeant's attack.
You swing at nothing.
The gnoll sergeant hits you from afar with a +0 trident.
You swing at nothing.
You block the gnoll sergeant's attack.
You swing at nothing.
The gnoll sergeant hits you from afar with a +0 trident.
You swing at nothing.
You swing at nothing.
The gnoll sergeant hits you but does no damage.
You swing at nothing.
The gnoll sergeant barely misses you.
You swing at nothing.
The gnoll sergeant closely misses you.
You swing at nothing.
The gnoll sergeant hits you from afar with a +0 trident!
You die...

#### ..
####...##### #.
.....g%@...+
#.#####...#####
#.....#####..
...........
#......# #......#
#<....# ##....#
###########...##.##


You could see a gnoll sergeant.

Vanquished Creatures
  A kobold demonologist (D:9)
  3 hornets
  2 yaks (D:9)
  A wyvern (D:8)
  Grum (D:5)
  A steam dragon (D:6)
  A water moccasin (D:6)
  3 ice beasts
  A sky beast (D:8)
  2 orc warriors
  A centaur (D:7)
  3 ogres (D:5)
  2 wolves (D:5)
  2 gnoll sergeants (D:5)
  7 bullfrogs
  3 scorpions
  7 killer bees
  An electric eel (D:8)
  5 gnoll boudas
  10 hounds
  A jelly (D:7)
  4 orc priests
  2 iguanas (D:4)
  A sleepcap (D:7)
  8 orc wizards
  12 adders
  23 gnolls
  A shadow imp (D:6)
  A white imp (D:8)
  An ufetubus (D:6)
  5 worms
  A dart slug (D:3)
  31 orcs
  11 bats
  6 endoplasms
  3 giant cockroaches
  11 goblins
  11 hobgoblins
  2 jackals (D:5)
  6 quokkas
  6 ball pythons
  4 frilled lizards
  4 kobolds
  5 rats
217 creatures vanquished.

Notes
Turn   | Place    | Note
-------+----------+-------------------------------------------
     0 | D:1      | qw the Gargoyle Cinder Acolyte began the quest for the Orb.
     0 | D:1      | Reached XP level 1. HP: 14/14 MP: 2/2
     0 | D:1      | 0 ||| qw: Version: 0.2-a-94-gbb182e1
     0 | D:1      | 0 ||| qw: Game counter: 45
     0 | D:1      | 0 ||| qw: Always use a shield: true
     0 | D:1      | 0 ||| qw: God list: Okawaru
     0 | D:1      | 0 ||| qw: Allow faded altars: false
     0 | D:1      | 0 ||| qw: Do Orc after D:15 true
     0 | D:1      | 0 ||| qw: Do second Lair branch before Depths: true
     0 | D:1      | 0 ||| qw: Lair rune preference: random
     0 | D:1      | 0 ||| qw: Plans: Normal
     0 | D:1      | 0 ||| PLANNING D:1-11
    96 | D:1      | 96 ||| Stepping ~*~*~tactically~*~*~ (hiding).
   108 | D:1      | Reached skill level 3 in Axes
   294 | D:1      | Reached XP level 2. HP: 19/19 MP: 3/3
   483 | D:1      | 483 ||| Stepping ~*~*~tactically~*~*~ (stealth).
   488 | D:1      | 488 ||| Stepping ~*~*~tactically~*~*~ (stealth).
   496 | D:1      | Found a faded altar of an unknown god.
   563 | D:1      | 563 ||| UPGRADING to +0 leather armour.
   573 | D:1      | 573 ||| DROPPING +0 robe.
   574 | D:1      | 574 ||| UPGRADING to amulet of regeneration.
   579 | D:1      | 579 ||| UPGRADING to ring of protection from fire.
   580 | D:1      | 580 ||| READING scroll labelled WOECLOLIUC.
   584 | D:1      | 584 ||| READING scroll labelled WOSIOCR OTHARGHEX.
   585 | D:1      | 585 ||| READING scroll labelled ONUF AMA WIEL.
   586 | D:1      | 586 ||| READING scroll labelled ZAZXAS MEJY.
   587 | D:1      | 587 ||| READING 3 scrolls labelled QERUGH AGGA.
   588 | D:1      | 588 ||| DRINKING 2 metallic coppery potions.
   589 | D:1      | 589 ||| READING 2 scrolls of identify.
   589 | D:1      | 589 ||| IDENTIFYING ruby potion
   590 | D:1      | 590 ||| DROPPING potion of flight.
   591 | D:1      | 591 ||| DROPPING potion of attraction.
   628 | D:2      | 628 ||| STAIRDANCE
   638 | D:1      | Reached XP level 3. HP: 22/23 MP: 4/4
   642 | D:2      | 642 ||| Stepping ~*~*~tactically~*~*~ (stealth).
   664 | D:2      | 664 ||| INVOKING Fiery Armour.
   793 | D:2      | 793 ||| Stepping ~*~*~tactically~*~*~ (stealth).
   795 | D:2      | 795 ||| Stepping ~*~*~tactically~*~*~ (stealth).
   830 | D:2      | Reached XP level 4. HP: 28/28 MP: 5/5
  1411 | D:2      | 1411 ||| READING scroll labelled ZUICHAH WUUNT.
  1412 | D:2      | 1412 ||| DRINKING 2 glowing puce potions.
  1472 | D:3      | 1472 ||| Stepping ~*~*~tactically~*~*~ (stealth).
  1473 | D:3      | 1473 ||| Stepping ~*~*~tactically~*~*~ (stealth).
  1478 | D:3      | 1478 ||| Stepping ~*~*~tactically~*~*~ (stealth).
  1496 | D:3      | 1496 ||| Stepping ~*~*~tactically~*~*~ (hiding).
  1525 | D:3      | 1525 ||| Stepping ~*~*~tactically~*~*~ (hiding).
  1528 | D:3      | 1528 ||| Stepping ~*~*~tactically~*~*~ (hiding).
  1541 | D:3      | Reached XP level 5. HP: 19/32 MP: 3/6
  1686 | D:3      | 1686 ||| Stepping ~*~*~tactically~*~*~ (hiding).
  1689 | D:3      | 1689 ||| Stepping ~*~*~tactically~*~*~ (hiding).
  1690 | D:3      | 1690 ||| Stepping ~*~*~tactically~*~*~ (hiding).
  1691 | D:3      | 1691 ||| Stepping ~*~*~tactically~*~*~ (hiding).
  1719 | D:3      | 1719 ||| Stepping ~*~*~tactically~*~*~ (stealth).
  1720 | D:3      | 1720 ||| Stepping ~*~*~tactically~*~*~ (stealth).
  1756 | D:3      | 1756 ||| Stepping ~*~*~tactically~*~*~ (stealth).
  1774 | D:3      | 1774 ||| Stepping ~*~*~tactically~*~*~ (hiding).
  1788 | D:3      | 1788 ||| Stepping ~*~*~tactically~*~*~ (stealth).
  1792 | D:3      | 1792 ||| Stepping ~*~*~tactically~*~*~ (stealth).
  2111 | D:3      | 2111 ||| Stepping ~*~*~tactically~*~*~ (stealth).
  2112 | D:3      | 2112 ||| Stepping ~*~*~tactically~*~*~ (stealth).
  2119 | D:3      | 2119 ||| Stepping ~*~*~tactically~*~*~ (hiding).
  2120 | D:3      | 2120 ||| Stepping ~*~*~tactically~*~*~ (hiding).
  2124 | D:3      | 2124 ||| INVOKING Fiery Armour.
  2137 | D:3      | 2137 ||| Stepping ~*~*~tactically~*~*~ (stealth).
  2138 | D:3      | 2138 ||| Stepping ~*~*~tactically~*~*~ (stealth).
  2166 | D:3      | 2166 ||| Stepping ~*~*~tactically~*~*~ (stealth).
  2173 | D:3      | 2173 ||| Stepping ~*~*~tactically~*~*~ (stealth).
  2178 | D:3      | 2178 ||| DRINKING potion of curing.
  2178 | D:3      | 2178 ||| (to cure confusion)
  2184 | D:3      | Reached XP level 6. HP: 38/38 MP: 7/7
  2275 | D:3      | HP: 9/38 [gnoll/+0 halberd (13)]
  2276 | D:3      | 2276 ||| READING scroll of teleportation.
  2277 | D:3      | 2277 ||| INVOKING Fiery Armour.
  2384 | D:3      | 2384 ||| UPGRADING to +0 scale mail.
  2394 | D:3      | 2394 ||| DROPPING +0 leather armour.
  2395 | D:3      | 2395 ||| UPGRADING to +0 chain mail.
  2405 | D:3      | 2405 ||| DROPPING +0 scale mail.
  2406 | D:3      | 2406 ||| READING scroll labelled QACLIL PAHOKO.
  2407 | D:3      | 2407 ||| READING scroll labelled USO WOQUFRURUOKH.
  2660 | D:4      | Reached skill level 1 in Armour
  2697 | D:4      | 2697 ||| INVOKING Fiery Armour.
  2880 | D:4      | 2880 ||| READING 2 scrolls labelled YCZED OSUEPOU.
  2881 | D:4      | 2881 ||| READING scroll of brand weapon.
  2881 | D:4      | 2881 ||| BRANDING -1 hand axe of protection.
  2889 | D:5      | Entered Level 5 of the Dungeon
  2889 | D:5      | Found a staircase to the Ecumenical Temple.
  2910 | D:5      | Reached skill level 6 in Axes
  2910 | D:5      | 2910 ||| Stepping ~*~*~tactically~*~*~ (stealth).
  2915 | D:5      | 2915 ||| Stepping ~*~*~tactically~*~*~ (hiding).
  2940 | D:5      | 2940 ||| Stepping ~*~*~tactically~*~*~ (stealth).
  2970 | D:5      | 2970 ||| INVOKING Fiery Armour.
  2978 | D:5      | HP: 8/38 [gnoll sergeant/+0 trident (8)]
  2983 | D:5      | Reached XP level 7. HP: 14/43 MP: 8/8
  3068 | D:5      | 3068 ||| Stepping ~*~*~tactically~*~*~ (stealth).
  3155 | D:5      | 3155 ||| INVOKING Fiery Armour.
  3238 | D:5      | Noticed Grum
  3244 | D:5      | HP: 11/44 [ogre/+0 giant club (18)]
  3247 | D:5      | Reached skill level 3 in Armour
  3255 | D:5      | 3255 ||| INVOKING Fiery Armour.
  3261 | D:5      | Killed Grum
  3262 | D:5      | Reached XP level 8. HP: 43/49 MP: 9/9
  3328 | D:5      | 3328 ||| Stepping ~*~*~tactically~*~*~ (stealth).
  3380 | D:5      | 3380 ||| Stepping ~*~*~tactically~*~*~ (hiding).
  3394 | D:5      | 3394 ||| Stepping ~*~*~tactically~*~*~ (stealth).
  3427 | D:5      | 3427 ||| INVOKING Fiery Armour.
  3430 | D:5      | Reached skill level 6 in Fighting
  3916 | D:5      | 3916 ||| UPGRADING to +0 kite shield.
  3921 | D:5      | 3921 ||| UPGRADING to +2 cloak.
  3926 | D:5      | 3926 ||| UPGRADING to +0 helmet.
  3931 | D:5      | 3931 ||| READING 3 scrolls of enchant armour.
  3931 | D:5      | 3931 ||| ENCHANTING +0 helmet.
  3932 | D:5      | 3932 ||| READING 2 scrolls of enchant armour.
  3932 | D:5      | 3932 ||| ENCHANTING +1 helmet.
  3933 | D:5      | 3933 ||| DRINKING 2 fuming coppery potions.
  3934 | D:5      | 3934 ||| DROPPING potion of degeneration.
  4139 | D:6      | 4139 ||| Stepping ~*~*~tactically~*~*~ (hiding).
  4244 | D:6      | Reached skill level 1 in Shields
  4369 | D:6      | 4369 ||| Stepping ~*~*~tactically~*~*~ (hiding).
  4371 | D:6      | 4371 ||| Stepping ~*~*~tactically~*~*~ (hiding).
  4372 | D:6      | 4372 ||| Stepping ~*~*~tactically~*~*~ (hiding).
  4388 | D:6      | Reached XP level 9. HP: 56/56 MP: 10/10
  4409 | D:6      | Reached skill level 3 in Shields
  4808 | D:6      | Reached skill level 6 in Shields
  5054 | D:6      | Found a basalt altar of Yredelemnul.
  5054 | D:6      | Found a faded altar of an unknown god.
  5062 | D:6      | Found a burning altar of Makhleb.
  5064 | D:6      | Found a shimmering altar of Xom.
  5066 | D:6      | Found a faded altar of an unknown god.
  5155 | D:6      | 5155 ||| READING scroll labelled VIZAL BOBAHA.
  5156 | D:6      | 5156 ||| READING 2 scrolls of identify.
  5156 | D:6      | 5156 ||| IDENTIFYING bubbling brown potion
  5232 | D:7      | 5232 ||| Stepping ~*~*~tactically~*~*~ (stealth).
  5252 | D:7      | 5252 ||| INVOKING Fiery Armour.
  5319 | D:7      | Reached skill level 1 in Throwing
  5386 | D:7      | Found a shadowy altar of Dithmenos.
  5463 | D:7      | 5463 ||| Stepping ~*~*~tactically~*~*~ (hiding).
  5512 | D:7      | 5512 ||| Stepping ~*~*~tactically~*~*~ (hiding).
  5745 | D:7      | Found a flagged portal.
  5775 | D:7      | Reached skill level 9 in Axes
  5990 | D:7      | 5990 ||| READING 4 scrolls of identify.
  5990 | D:7      | 5990 ||| IDENTIFYING amethyst potion
  5991 | D:7      | 5991 ||| READING 3 scrolls of identify.
  5991 | D:7      | 5991 ||| IDENTIFYING clear potion
  5992 | D:7      | 5992 ||| READING 2 scrolls of identify.
  5992 | D:7      | 5992 ||| IDENTIFYING white potion
  5993 | D:7      | 5993 ||| DROPPING potion of ambrosia.
  5994 | D:7      | 5994 ||| DROPPING potion of lignification.
  6121 | D:8      | Noticed a hornet
  6144 | D:8      | Reached XP level 10. HP: 61/61 MP: 11/11
  6279 | D:8      | 6279 ||| INVOKING Fiery Armour.
  6578 | D:8      | 6578 ||| INVOKING Fiery Armour.
  6605 | D:8      | 6605 ||| DROPPING +0 whip.
  7127 | D:8      | 7127 ||| Stepping ~*~*~tactically~*~*~ (stealth).
  7129 | D:8      | 7129 ||| Stepping ~*~*~tactically~*~*~ (hiding).
  7556 | D:8      | 7556 ||| UPGRADING to +0 pair of boots.
  7561 | D:8      | 7561 ||| READING scroll of enchant armour.
  7561 | D:8      | 7561 ||| ENCHANTING +0 pair of boots.
  7601 | D:9      | Noticed a kobold demonologist
  7647 | D:9      | Killed a kobold demonologist
  7685 | D:9      | 7685 ||| INVOKING Fiery Armour.
  7755 | D:9      | HP: 13/63 [orc priest/divine providence (16)]
  7756 | D:9      | 7756 ||| READING 2 scrolls of teleportation.
  7757 | D:9      | 7757 ||| DRINKING 2 potions of heal wounds.
  7767 | D:9      | 7767 ||| Stepping ~*~*~tactically~*~*~ (stealth).
  7768 | D:9      | 7768 ||| Stepping ~*~*~tactically~*~*~ (stealth).
  7802 | D:9      | Reached skill level 9 in Shields
  7901 | D:9      | HP: 14/63 [gnoll/+0 halberd[a gnoll sergeant] (4)]
  7902 | D:9      | 7902 ||| READING scroll of teleportation.
  7903 | D:9      | 7903 ||| DRINKING potion of heal wounds.
  7906 | D:9      | Found a glowing golden altar of the Shining One.
  7907 | D:9      | 7907 ||| PLANNING TEMPLE
  8187 | D:9      | HP: 12/63 [hornet (8)]
  8221 | D:9      | HP: 13/63 [gnoll sergeant/+0 trident (6)]
  8232 | D:9      | HP: 15/63 [gnoll sergeant/+0 trident (6)]
  8238 | D:9      | HP: 11/63 [gnoll sergeant/+0 trident (7)]
  8241 | D:9      | HP: 4/63 [gnoll sergeant/+0 trident (10)]
  8247 | D:9      | HP: 4/63 [gnoll sergeant/+0 trident (3)]
  8252 | D:9      | Slain by a gnoll sergeant

Levels and vault maps discovered:
D:1:      psy_arrival_statuary, layout_rooms,
          shapermc_ecumenical_altar_acropolis
D:2:      layout_loops_ring, grunt_ministairs_2, nrook_campfire,
          chequers_serial_rivers_room_a, minmay_indecisive_spiral
D:3:      layout_basic
D:4:      layout_rooms
D:5:      layout_cave_pools, minmay_temple_entry_statues_fountains,
          serial_gnoll_camp, gnoll_camp_mini_basic, gnoll_camp_mini_house,
          grums_kennel, gnoll_camp_mini_hut, gnoll_camp_mini_house,
          gnoll_camp_mini_hut
D:6:      layout_loops_corners, chequers_temple_overflow_minitemple,
          chequers_serial_rivers_large_b
D:7:      nicolae_BIG_FREAKIN_CUBE, layout_loops_cross,
          nicolae_dithmenos_through_a_glass_darkly, enter_bailey_4
D:8:      layout_basic, hangedman_decor_lopped,
          eino_small_chamber_without_monster, water_maze_lemuel
D:9:      layout_rooms, mainiacjoe_overflow_surrounded_room, uniq_harold

Skill      XL: |  1  2  3  4  5  6  7  8  9 10 |
---------------+-------------------------------+-----
Axes           | 3 4 5 6 7 8 9 |  9.5
Fighting       | 4 5 6 7 |  7.5
Armour         | 2 3 4 5 |  5.4
Shields        | 2 8 9 |  9.0
Throwing       | 1 2 |  2.0
Spellcasting   | |  1.0
Fire Magic     | |  3.0

Action                     |  1- 3 |  4- 6 |  7- 9 | 10-12 || total
---------------------------+-------+-------+-------+-------++-------
  Melee: Hand axe          |   107 |   307 |   599 |   241 ||  1254
         Punch             |       |     2 |     1 |       ||     3
  Throw: Boomerang         |       |       |    16 |    19 ||    35
 Invoke: Fiery Armour      |     1 |     4 |     4 |     3 ||    12
    Use: Scroll            |     6 |     6 |     7 |     3 ||    22
         Potion            |     1 |     2 |     1 |     2 ||     6
 Armour: Robe              |    16 |       |       |       ||    16
         Leather armour    |    28 |    62 |       |       ||    90
         Chain mail        |       |    67 |   408 |   515 ||   990
  Dodge: Dodged            |    51 |   163 |   238 |   281 ||   733
  Block: Kite shield       |       |       |   160 |   430 ||   590

Table legend:
 A = Non-vault XP
 B = Vault XP
 C = Vault XP percentage of total XP
 D = Non-vault monster count
 E = Vault monster count
 F = Vault count percentage of total count
                 A         B        C        D         E       F
            +---------+---------+-------+---------+---------+-------
      Total |    6319 |    1067 |  14.4 |     185 |      32 |  14.7
            +---------+---------+-------+---------+---------+-------
        D:1 |      48 |       0 |   0.0 |      24 |       0 |   0.0
        D:2 |      71 |      26 |  26.8 |      19 |       6 |  24.0
        D:3 |     211 |       0 |   0.0 |      34 |       0 |   0.0
        D:4 |     135 |       0 |   0.0 |      10 |       0 |   0.0
        D:5 |     671 |    1030 |  60.6 |      19 |      21 |  52.5
        D:6 |    1056 |       0 |   0.0 |      20 |       0 |   0.0
        D:7 |    1312 |      11 |   0.8 |      22 |       5 |  18.5
        D:8 |    1186 |       0 |   0.0 |      25 |       0 |   0.0
        D:9 |    1629 |       0 |   0.0 |      12 |       0 |   0.0
            +---------+---------+-------+---------+---------+-------
